 Dungeon Sprint DCSS version 0.30-a0-52-g86a8295270 (webtiles) character file.

Game seed: 11532805183914550445

4895 rocky1 the Severer (level 10, 0/141 (148) HPs)
             Began as a Minotaur Gladiator on Sept 7, 2022.
             Was an Initiate of Gozag.
             Slain by a skeletal warrior
             ... wielding a +0 mace of draining
              (1 damage)
             ... in the Dungeon (Sprint VII: "The Pits").
             The game lasted 00:07:27 (2405 turns).

rocky1 the Severer (Minotaur Gladiator)             Turns: 2405, Time: 00:07:27

HP:   0/141 (148)   AC: 15    Str: 22    XL:     10   Next: 26%
MP:   9/9           EV: 16    Int:  8    God:    Gozag
Gold: 1161          SH:  0    Dex: 13    Spells: 9/9 levels left

rFire   + . .      SeeInvis .    a - +2 war axe (freeze)
rCold   . . .      Faith    .    (no shield)
rNeg    . . .      Spirit   .    p - +1 chain mail {rF+}
rPois   .          Reflect  .    c - +0 hat
rElec   .          Harm     .    (no cloak)
rCorr   .          Rampage  .    (no gloves)
Will    .....      NoTele   +    v - +0 pair of boots
Stlth   ..........               (no amulet)
HPRegen 0.33/turn                o - +3 ring of evasion
MPRegen 0.11/turn                q - +3 ring of intelligence

@: berserking (expiring), gold aura, drained, very quick
A: horns 2, retaliatory headbutt
a: Renounce Religion, Potion Petition, Call Merchant, Bribe Branch


You were in the Dungeon.
You worshipped Gozag.
Gozag was most pleased with you.
You visited 1 branch You collected 2349 gold pieces.
You spent 672 gold pieces at shops.
You paid 516 gold pieces to Gozag.

Inventory:

Hand Weapons
 a - a +2 war axe of freezing (weapon)
 b - a +2 vorpal hand crossbow
 t - a +2 vorpal morningstar
 u - a +0 war axe
 w - a +2 scimitar of flaming
 x - a +4 battleaxe of draining
 y - the +4 hand axe "Yryx" {venom, *Slow rN+ Stlth+}
   (You bought it in a shop in the Dungeon)

   It poisons the flesh of those it strikes.
   rN:        It protects you from negative energy.
   *Slow:     It may slow you when you take damage.
   Stlth:     It makes you more stealthy.
 z - a +0 shortbow
Missiles
 d - 3 throwing nets (quivered)
 e - a javelin
Armour
 c - a +0 hat (worn)
 p - a +1 chain mail of fire resistance (worn)
 v - a +0 pair of boots (worn)
Jewellery
 o - a +3 ring of evasion (left hand)
 q - a +3 ring of intelligence (right hand)
Scrolls
 k - a scroll of blinking
 m - 5 scrolls of amnesia
 n - a scroll of summoning
Potions
 f - 9 potions of curing
 g - 5 potions of heal wounds
 h - 2 potions of haste
 i - 4 potions of magic
 l - 2 potions of invisibility
 r - 3 potions of mutation
 s - a potion of brilliance


   Skills:
 + Level 12.5 Fighting
 + Level 17.6 Axes
 + Level 9.3 Ranged Weapons
 - Level 2.0 Throwing
 + Level 12.4 Armour
 + Level 11.6 Dodging


You had 9 spell levels left.
You didn't know any spells.
Your spell library was empty.

Dungeon Overview and Level Annotations

Branches:
Dungeon (1/1)

Altars:
Ashenzari
Cheibriados
Dithmenos
Elyvilon
Fedhas
Gozag
Hepliaklqana
Kikubaaqudgha
Makhleb
Nemelex Xobeh
Okawaru
Qazlal
Ru
Sif Muna
Trog
Uskayaw
Vehumet
Wu Jian
Xom
Yredelemnul
Zin
The Shining One
Jiyva
Lugonu

Shops:
D (


Innate Abilities, Weirdness & Mutations

You have a pair of horns on your head.
You reflexively headbutt those who attack you in melee.


Message History

The skeletal warrior hits you with a +0 mace of draining!
You feel drained.
* * * LOW HITPOINT WARNING * * *
There is an open door, spattered with blood here.
Things that are here:
90 gold pieces; a +0 short sword You slash the skeletal warrior!
You freeze the skeletal warrior.
Your headbutt misses the skeletal warrior.
The skeletal warrior is moderately damaged.
You hit the skeletal warrior. You freeze the skeletal warrior.
You closely miss the skeletal warrior. You slice the skeletal warrior!!
You freeze the skeletal warrior.
The skeletal warrior is heavily damaged.
You hit the skeletal warrior but do no damage.
You closely miss the skeletal warrior.
The skeletal warrior hits you from afar with a +0 glaive!!
* * * LOW HITPOINT WARNING * * *
The skeletal warrior hits you but does no damage.
You feel drained.
The skeletal warrior hits you with a +0 dire flail!!
* * * LOW HITPOINT WARNING * * *
You closely miss the skeletal warrior.
The skeletal warrior is heavily damaged.
You slash the skeletal warrior! You freeze the skeletal warrior.
You hit the skeletal warrior. You slash the skeletal warrior!
You freeze the skeletal warrior.
Your headbutt misses the skeletal warrior.
The skeletal warrior is almost destroyed.
You hit the skeletal warrior. You freeze the skeletal warrior.
You closely miss the skeletal warrior.
You hit the skeletal warrior but do no damage.
Your headbutt misses the skeletal warrior.
The skeletal warrior is almost destroyed.
You completely miss the skeletal warrior.
You hit the skeletal warrior but do no damage.
The skeletal warrior hits you with a +0 mace of draining.
* * * LOW HITPOINT WARNING * * *
You feel drained.
You die...
Your body crumbles into a pile of gold.

.............+
.............+
...#..#......#
.............#
'#####''######
....##''#########
....##......#...+
....##....###..z###
<...##...##.'...@z#
....##..##..##'##zS#
....##..#..##...##z.+
....##..#..#.....#..#
######..+..'.....+
.'.
######..#..#..∩..#
.#..
..[[##..#..##...##
+...
...[##..##..##'## ..
..).##...##.+...+


You could see 4 skeletal warriors and a ball python.

Vanquished Creatures
  A two-headed ogre (D)
  A skeletal warrior (D)
  2 shadow wraiths (D)
  A flayed ghost (D)
  2 orange demons (D)
  An unseen horror (D)
  A komodo dragon (D)
  A shadow (D)
  A steam dragon (D)
  A water moccasin (D)
  A black bear (D)
  2 centaurs (D)
  A wolf (D)
  A phantom (D)
  2 bullfrogs (D)
  A quasit (D)
  A jelly (D)
  3 iron imps (D)
  An orc wizard (D)
  2 adders (D)
  A gnoll (D)
  5 orcs (D)
  A goblin (D)
  A quokka (D)
  A ball python (D)
  A bat (D)
  A frilled lizard (D)
  3 kobolds (D)
41 creatures vanquished.

Notes
Turn   | Place    | Note
-------+----------+-------------------------------------------
     0 | D        | rocky1 the Minotaur Gladiator began the quest for the Orb.
     0 | D        | Reached XP level 1. HP: 18/18 MP: 0/0
    15 | D        | Reached skill level 4 in Axes
    19 | D        | Found a bloodstained altar of Trog.
    19 | D        | Found a shimmering blue altar of Sif Muna.
    19 | D        | Found a viscous altar of Jiyva.
    19 | D        | Found a hazy altar of Hepliaklqana.
    19 | D        | Found an opulent altar of Gozag.
    20 | D        | Found a glowing golden altar of the Shining One.
    20 | D        | Found a glowing silver altar of Zin.
    20 | D        | Found a basalt altar of Yredelemnul.
    20 | D        | Found a shimmering altar of Xom.
    20 | D        | Found an ornate altar of the Wu Jian Council.
    20 | D        | Found a sacrificial altar of Ru.
    20 | D        | Found a stormy altar of Qazlal.
    20 | D        | Found an iron altar of Okawaru.
    20 | D        | Found a sparkling altar of Nemelex Xobeh.
    20 | D        | Found a burning altar of Makhleb.
    20 | D        | Found a blossoming altar of Fedhas.
    20 | D        | Found a white marble altar of Elyvilon.
    20 | D        | Found a shadowy altar of Dithmenos.
    20 | D        | Found a snail-covered altar of Cheibriados.
    22 | D        | Found a radiant altar of Vehumet.
    22 | D        | Found a corrupted altar of Lugonu.
    23 | D        | Found a hide-covered altar of Uskayaw.
    23 | D        | Found an ancient bone altar of Kikubaaqudgha.
    23 | D        | Found a broken altar of Ashenzari.
    31 | D        | Became a worshipper of Gozag Ym Sagoz the Greedy
    70 | D        | Reached skill level 5 in Axes
    83 | D        | Reached skill level 6 in Axes
    83 | D        | Reached XP level 2. HP: 14/25 MP: 1/1
   239 | D        | Noticed a phantom
   242 | D        | Reached skill level 7 in Axes
   249 | D        | Reached skill level 1 in Armour
   255 | D        | Killed a phantom
   256 | D        | Reached skill level 9 in Axes
   256 | D        | Reached XP level 3. HP: 34/34 MP: 2/2
   256 | D        | Reached XP level 4. HP: 41/41 MP: 3/3
   395 | D        | Noticed a water moccasin
   397 | D        | Noticed a centaur
   406 | D        | Reached skill level 5 in Fighting
   406 | D        | Reached skill level 5 in Dodging
   411 | D        | Reached XP level 5. HP: 35/48 MP: 4/4
   413 | D        | Killed a water moccasin
   414 | D        | Reached skill level 11 in Axes
   414 | D        | Reached skill level 5 in Armour
   414 | D        | Reached XP level 6. HP: 52/58 MP: 5/5
   595 | D        | Reached skill level 12 in Axes
   595 | D        | Reached skill level 1 in Ranged Weapons
   598 | D        | Noticed a komodo dragon
   606 | D        | Killed a komodo dragon
   607 | D        | Reached XP level 7. HP: 46/69 MP: 6/6
   722 | D        | Reached skill level 13 in Axes
   959 | D        | Killed a shadow wraith
   960 | D        | Reached skill level 14 in Axes
   960 | D        | Reached skill level 5 in Ranged Weapons
   960 | D        | Reached XP level 8. HP: 21/79 MP: 7/7
  1225 | D        | Noticed a two-headed ogre
  1230 | D        | Killed a two-headed ogre
  1231 | D        | Reached skill level 10 in Fighting
  1231 | D        | Reached skill level 15 in Axes
  1231 | D        | Reached skill level 10 in Armour
  1231 | D        | Reached XP level 9. HP: 40/86 MP: 8/8
  1425 | D        | Noticed an orange demon
  1431 | D        | Killed an orange demon
  1432 | D        | Reached skill level 16 in Axes
  1432 | D        | Reached skill level 10 in Dodging
  1532 | D        | Killed an unseen horror
  1705 | D        | Killed a shadow wraith
  2133 | D        | Noticed an orange demon
  2151 | D        | Killed an orange demon
  2152 | D        | Reached skill level 17 in Axes
  2354 | D        | Bought a runed battleaxe for 266 gold pieces
  2354 | D        | Bought a slimy hand axe for 224 gold pieces
  2354 | D        | Identified the +4 hand axe "Yryx" {venom, *Slow rN+ Stlth+}
                  | (You bought it in a shop in the Dungeon)
  2356 | D        | Bought a glowing hand crossbow for 182 gold pieces
  2363 | D        | Noticed a flayed ghost
  2375 | D        | Killed a flayed ghost
  2376 | D        | Reached XP level 10. HP: 72/97 MP: 9/9
  2385 | D        | Noticed a skeletal warrior
  2385 | D        | Noticed a skeletal warrior
  2386 | D        | Noticed a skeletal warrior
  2386 | D        | Noticed a skeletal warrior
  2387 | D        | Noticed a skeletal warrior
  2399 | D        | Killed a skeletal warrior
  2402 | D        | HP: 4/144 [skeletal warrior/+0 dire flail (18)]
  2405 | D        | HP: 1/144 [skeletal warrior/+0 mace of draining (4)]
  2405 | D        | Slain by a skeletal warrior

Illustrated notes

Levels and vault maps discovered:
D:        pitsprint [storerooms_1, entrance_room_1, metal_vault_6, armoury_1,
          mini_pit_1, grid_room_1, main_hall_1, silver_pit, the_coven_1,
          the_vestibule_1, steel_vault_2, golden_pit, hallway_of_sentries,
          crystal_vault_2, iron_vault_2, final_vault]

Skill      XL: |  1  2  3  4  5  6  7  8  9 10 |
---------------+-------------------------------+-----
Axes           | 6 9 11 12 14 15 17 | 17.6
Armour         | 3 4 5 7 9 10 12 | 12.4
Fighting       | 4 5 6 8 9 10 12 | 12.5
Dodging        | 4 5 6 7 9 11 | 11.6
Ranged Weapons | 3 5 6 8 9 |  9.3
Throwing       | |  2.0

Action                   |  1- 3 |  4- 6 |  7- 9 | 10-12 || total
-------------------------+-------+-------+-------+-------++-------
Melee: War axe           |    19 |    28 |    86 |    17 ||   150
       Headbutt          |     2 |     4 |    20 |     3 ||    29
       Shortbow          |       |       |     1 |       ||     1
 Fire: Hand crossbow     |       |       |     1 |       ||     1
Invok: Call Merchant     |       |       |     1 |       ||     1
  Use: Potion            |     1 |     1 |     2 |     1 ||     5
Armor: Leather armour    |     5 |       |       |       ||     5
       Scale mail        |       |     9 |    11 |       ||    20
       Chain mail        |       |       |    35 |     4 ||    39
Dodge: Dodged            |    17 |    12 |    48 |     5 ||    82

Table legend: (Time is in decaauts)
 A = Elapsed time spent in this place.
 B = Non-inter-level travel time spent in this place.
 C = Inter-level travel time spent in this place.
 D = Time resting spent in this place.
 E = Time spent auto-exploring this place.
 F = Levels seen in this place.
 G = Mean time per level.
                   A        B        C        D        E       F      G
               +--------+--------+--------+--------+--------+-----+--------+
         Total |   2431 |   2374 |     57 |   1765 |      0 |   1 | 2431.0 |
       Dungeon |   2431 |   2374 |     57 |   1765 |      0 |   1 | 2431.0 |
               +--------+--------+--------+--------+--------+-----+--------+

Top non-repeatable levels by time:
       D: 2431 daAuts
